 Dungeon Crawl Stone Soup version 0.23.2-1-ga50397a6bc (webtiles) character file.

Game seed: 2915626499584636047

114 Gordogan the Chopper (level 4, -1/28 HPs)
             Began as a Tengu Monk on May 3, 2019.
             Slain by Sigmund
             ... wielding a +3 scythe of freezing
              (10 damage)
             ... on level 2 of the Dungeon on May 4, 2019.
             The game lasted 00:18:13 (1618 turns).

Gordogan the Chopper (Tengu Monk)                   Turns: 1618, Time: 00:18:14

Health: -1/28      AC:  6    Str: 12    XL:     4   Next: 97%
Magic:  5/5        EV: 11    Int: 10    God:
Gold:   99         SH:  4    Dex: 17    Spells: 3/3 levels left

rFire    . . .     SeeInvis .   a - +0 hand axe
rCold    . . .     Gourm    .   f - +0 buckler
rNeg     . . .     Faith    .   r - +0 ring mail
rPois    .         Spirit   .   (helmet restricted)
rElec    .         Reflect  .   s - +0 cloak
rCorr    .         Harm     .   (no gloves)
MR       .....                  (boots unavailable)
Stlth    ++........             i - amulet of rage
HPRegen  0.09/turn              (no ring)
MPRegen  0.09/turn              (no ring)

@: no status effects
A: beak, talons 3
a: Evoke Berserk Rage


You were on level 2 of the Dungeon.
You were not hungry.

You visited 1 branch of the dungeon, and saw 2 of its levels.

You collected 99 gold pieces.

Inventory:

Hand Weapons
 a - a +0 hand axe (weapon)
 b - a +0 dagger of venom
Missiles
 d - 45 stones (quivered)
 k - 40 sling bullets
 q - 14 bolts
Armour
 f - a +0 buckler (worn)
 r - a +0 ring mail (worn)
 s - a +0 cloak (worn)
Jewellery
 e - an uncursed amulet of faith
 i - an amulet of rage (around neck)
Wands
 t - a wand of flame (18)
 u - a wand of acid (3)
Scrolls
 h - a scroll of identify
 l - a scroll of fog
 n - 2 scrolls of remove curse
 o - 3 scrolls of amnesia
 v - a scroll of enchant armour {unknown}
 w - a scroll of teleportation
Potions
 j - 2 potions of brilliance
 m - a potion of curing
 p - a potion of haste
Comestibles
 c - 5 rations
 g - 4 chunks of flesh


   Skills:
 + Level 3.4 Fighting
 + Level 4.6 Axes
 + Level 1.2 Throwing
 + Level 0.6 Armour
 + Level 3.8 Dodging
 + Level 2.4 Stealth


You had 3 spell levels left.
You didn't know any spells.
Your spell library was empty.

Dungeon Overview and Level Annotations

Branches:
Dungeon (2/15)

Altars:
Dithmenos

Annotations:
D:2 Sigmund


Innate Abilities, Weirdness & Mutations

You have a beak for a mouth.
You have claws for feet.


Message History

You throw a stone. The stone hits the bat.
The bat is moderately wounded.
The bat hits you but does no damage. The bat hits you but does no damage.
You block the bat's attack. Something hits you! Something freezes you.
You hit the hobgoblin.
The hobgoblin is moderately wounded.
The bat barely misses you. The hobgoblin barely misses you.
The bat barely misses you.
You hit the hobgoblin.
You kill the hobgoblin!
You barely miss the bat. You block the bat's attack. Something hits you.
Something freezes you.
You swing at nothing.
The bat hits you but does no damage. Something hits you. Something freezes you.
* * * LOW HITPOINT WARNING * * *
You swing at nothing.
The bat hits you but does no damage.
You completely miss the bat. The bat barely misses you.
The bat hits you but does no damage. Something hits you!
You die...

#....#### #.......#
####.......#
#.....(....##
#...♣g......#
#..♣.♣.{.#..# #
♣._.♣..#..# #
♣.♣@)##..# #.
..♣.b..#..# #
#...........#
#######.....###########
##................
#................###
#................# #
#................# #
#.........##########


You could see a bat.

Vanquished Creatures
  Natasha (twice) (D:2)
  2 adders (D:2)
  A leopard gecko (D:2)
  4 giant cockroaches
  4 goblins
  3 hobgoblins (D:2)
  8 jackals
  A quokka (D:2)
  2 ball pythons
  3 bats (D:2)
  5 frilled lizards
  5 kobolds
  5 rats
45 creatures vanquished.

Notes
Turn   | Place    | Note
-------+----------+-------------------------------------------
     0 | D:1      | Gordogan the Tengu Monk began the quest for the Orb.
     0 | D:1      | Reached XP level 1. HP: 14/14 MP: 2/2
   343 | D:1      | Reached XP level 2. HP: 19/19 MP: 3/3
   957 | D:2      | Reached XP level 3. HP: 23/23 MP: 4/4
   995 | D:2      | Found a shadowy altar of Dithmenos.
  1044 | D:2      | Noticed Natasha
  1054 | D:2      | Killed Natasha
  1054 | D:2      | Reached skill level 4 in Axes
  1054 | D:2      | Reached skill level 1 in Throwing
  1054 | D:2      | Reached XP level 4. HP: 9/28 MP: 5/5
  1538 | D:2      | Noticed Natasha
  1548 | D:2      | Killed Natasha
  1602 | D:2      | Found a faded altar of an unknown god.
  1607 | D:2      | Noticed Sigmund
  1618 | D:2      | Slain by Sigmund

Skill      XL: |  1  2  3 |
---------------+----------+-----
Axes           | 4 |  4.6
Throwing       | 1 |  1.2
Fighting       | |  3.4
Armour         | |  0.6
Dodging        | |  3.8
Stealth        | |  2.4

Action                   |  1- 3 |  4- 6 || total
-------------------------+-------+-------++-------
Melee: Hand axe          |    62 |    33 ||    95
       Peck              |     8 |     7 ||    15
       Kick              |    14 |     9 ||    23
Throw: Stone             |    25 |    14 ||    39
  Use: Scroll            |     7 |       ||     7
 Stab: Sleeping          |     1 |       ||     1
  Eat: Chunk             |       |     2 ||     2
Armor: Ring mail         |    20 |    11 ||    31
       Robe              |     1 |       ||     1
Dodge: Dodged            |    28 |    23 ||    51
Block: Buckler           |     3 |     7 ||    10
